 Dungeon Crawl Stone Soup version 0.31-a0-358-gac0dbeb3ab (webtiles) character file.

Game seed: 17664015523110424279

8 EC1 the Grasshopper (level 2, -5/19 HPs)
             Began as a Human Wanderer on July 26, 2023.
             Slain by Terence
             ... wielding a +0 flail
              (8 damage)
             ... on level 2 of the Dungeon.
             The game lasted 00:03:03 (921 turns).

EC1 the Grasshopper (Human Wanderer)                 Turns: 921, Time: 00:03:03

Health: -5/19      AC:  3    Str:  9    XL:     2   Next: 15%
Magic:  5/5        EV: 11    Int: 16    God:
Gold:   51         SH:  0    Dex: 11    Spells: 4/5 levels left

rFire   . . .        a - +0 dagger
rCold   . . .        k - orb {guile}
rNeg    . . .        d - +1 robe
rPois   .            (no helmet)
rElec   .            (no cloak)
rCorr   .            (no gloves)
SInv    .            (no boots)
Will    .....        (no amulet)
Stlth   +            (no ring)
HPRegen 0.23/turn    (no ring)
MPRegen 0.09/turn

%: no passive effects
@: no status effects
A: no striking features
a: no special abilities


You were on level 2 of the Dungeon.
You visited 1 branch of the dungeon, and saw 2 of its levels.

You collected 51 gold pieces.

Inventory:

Hand Weapons
 a - a +0 dagger (weapon)
Missiles
 b - 9 poisoned darts (quivered)
Armour
 d - a +1 robe (worn)
 k - an orb of guile (worn)
Talismans
 e - a serpent talisman
Scrolls
 h - a scroll of teleportation {unknown}
Potions
 c - a potion of lignification
 f - 2 potions of mutation {unknown}
 g - a potion of might {unknown}
 i - a potion of haste {unknown}
 j - a potion of magic {unknown}


   Skills:
 + Level 2.0 Throwing
 + Level 2.2 Spellcasting
 + Level 1.0 Conjurations
 + Level 4.3 Translocations
 + Level 1.0 Invocations


You had 4 spell levels left.
You knew the following spells:

 Your Spells              Type           Power      Damage    Failure   Level
a - Apportation           Tloc           30%        N/A       3%          1

Your spell library contained the following spells:

 Spells                   Type           Power      Damage    Failure   Level
 Searing Ray              Conj           8%         2d4       21%         2
 Static Discharge         Conj/Air       6%         2-3/arc   26%         2
 Vhi's Electric Charge    Tloc/Air       16%        N/A       26%         3
 Volatile Blastmotes      Fire/Tloc      16%        2d11      26%         3


Dungeon Overview and Level Annotations

Branches:
Dungeon (2/15)

Altars:

Shops:
D:1 [

Annotations:
D:2 Terence


Message History

j - a viscous silvery potion No target in view!
No target in view!
No target in view!
Found a dagger.
No target in view!
No target in view!
There is an open door here.
You see here an orb of guile.
You start putting on your armour.
You continue putting on your orb of guile. x4
You finish putting on your orb of guile.
There is an open door here.
Okay, then.
Okay, then.
You see here a +0 dagger.
There is a staircase leading out of the dungeon here.
There is an open door here.
Done exploring.
Done exploring.
There is a stone staircase leading down here.
You can't go up here!
You climb downwards.
There is a stone staircase leading up here.
You climb upwards.
There is a stone staircase leading down here.
You climb downwards.
There is a stone staircase leading up here.
Found a leather armour.
You see here a +0 leather armour.
Terence the Incautious comes into view.
He is wielding a +0 flail.
Terence shouts!
Terence hits you with a +0 flail!
You hit Terence but do no damage. Terence completely misses you.
You hit Terence but do no damage. Terence barely misses you.
You barely miss Terence. Terence barely misses you.
You hit Terence but do no damage. Terence hits you with a +0 flail!
* * * LOW HITPOINT WARNING * * *
You hit Terence but do no damage. Terence hits you with a +0 flail!
You die...

#.# #.#######
#........
#..######
####..####
#.......[#
#.##..##.# #
#.....#######.#
##.##..@@.....#
#.##.#########
#...........
####.#######
#.# #.# #.# #.#
..#


You could see Terence.

Vanquished Creatures
  A hobgoblin (D:1)
  A kobold (D:1)
  A quokka (D:1)
  2 ball pythons (D:1)
  A frilled lizard (D:1)
  2 rats (D:1)
8 creatures vanquished.

Notes
Turn   | Place    | Note
-------+----------+-------------------------------------------
     0 | D:1      | EC1 the Human Wanderer began the quest for the Orb.
     0 | D:1      | EC1 set off with the following items: a +0 dagger, 9
                  | poisoned darts, a potion of lignification, a +0 robe; and
                  | the following spell memorised: Apportation; and the
                  | following spells available to memorise: Searing Ray, Static
                  | Discharge, Vhi's Electric Charge, Volatile Blastmotes.
     0 | D:1      | Reached XP level 1. HP: 13/13 MP: 3/3
   274 | D:1      | Found Dosh's Antique Armour Shop.
   475 | D:1      | Reached XP level 2. HP: 16/19 MP: 5/5
   912 | D:2      | Noticed Terence
   921 | D:2      | Slain by Terence

Illustrated notes

Levels and vault maps discovered:
D:1:      minmay_arrival_nine_rooms, layout_basic, serial_shops,
          nicolae_shop_behind_doors, nicolae_concentric_dashed_squares_mild,
          st_stairs_12
D:2:      minmay_general_purpose_star, layout_loops_ring, uniq_terence,
          uniq_sigmund

Action                     || total
---------------------------++-------
  Melee: Dagger            ||    34
         Punch             ||     1
   Cast: Apportation       ||     1
    Use: Scroll            ||     1
 Armour: Robe              ||     4
  Dodge: Dodged            ||    17

Table legend: (Time is in decaauts)
 A = Elapsed time spent in this place.
 B = Non-inter-level travel time spent in this place.
 C = Inter-level travel time spent in this place.
 D = Time resting spent in this place.
 E = Time spent auto-exploring this place.
 F = Levels seen in this place.
 G = Mean time per level.
                   A        B        C        D        E       F      G
               +--------+--------+--------+--------+--------+-----+--------+
         Total |    921 |    921 |      0 |     10 |    604 |   2 |  460.5 |
       Dungeon |    921 |    921 |      0 |     10 |    604 |   2 |  460.5 |
               +--------+--------+--------+--------+--------+-----+--------+

Top non-repeatable levels by time:
     D:1: 900 daAuts
     D:2: 21 daAuts
